AoeStats
← nanakusa

Black Forest

506634060Analyzed
4v4 RM · 19d ago on Sep 14, 2026· 43m 56s· 8 players
Game mode
Random Map
Map size
Large (8 player)
Population
200
Speed
Normal
Resources
Standard
Victory
Conquest
Starting age
Dark Age
Ending age
Imperial Age
RankedLock teamsTeams togetherTeam positionsShared explorationLock speedFull tech treeHidden civsTurbo modeCheats
Victory
Defeat
🇬🇧 Britons · United Kingdom
1718
+11
🇩🇪 Japanese · Germany
1536
+18
🇦🇺 Persians · Australia
1491
+19
🇩🇪 Khmer · Germany
1490
+19
🇹🇼 Burgundians · Taiwan
1591
-17
🇧🇪 Jurchens · Belgium
1591
-17
🇯🇵 Khmer · Japan
1579
-17
🇨🇳 Koreans · China
1553
-16
鼠條
12:19 Feudal Age
13:01 Double-Bit Axe
15:52 Castle Age
13:35 Horse Collar
14:46 Bow Saw
14:37 Heavy Plow
16:25 Wheelbarrow
33:05 Hand Cart
32:16 Pikeman
34:35 Pikeman
38:27 Imperial Age
40:43 Loom
nanakusa
11:19 Feudal Age
14:19 Castle Age
12:39 Double-Bit Axe
12:51 Horse Collar
14:47 Wheelbarrow
15:16 Bow Saw
17:38 Fishing Lines
22:59 Heavy Plow
23:58 Gold Mining
23:59 Stone Mining
24:59 Gillnets
29:00 Imperial Age
27:24 Gold Shaft Mining
26:37 Loom
28:34 Scale Barding Armor
29:07 Hand Cart
29:02 Caravan
29:18 Bloodlines
29:09 Husbandry
29:50 Chain Barding Armor
29:42 Forging
31:14 Crop Rotation
31:24 Plate Barding Armor
32:29 Conscription
31:33 Elite Battle Elephant
32:44 Fortified Wall
33:32 Iron Casting
36:03 Tusk Swords
37:51 Coinage
40:56 Banking
41:37 Chemistry
40:49 Masonry
78088344
0:52 Loom
11:29 Feudal Age
15:04 Castle Age
13:46 Double-Bit Axe
18:28 Bow Saw
21:23 Fletching
22:43 Horse Collar
23:51 Wheelbarrow
24:31 Bodkin Arrow
28:00 Ballistics
32:13 Imperial Age
30:59 Eupseong
32:18 Gold Mining
32:19 Stone Mining
33:24 Bracer
34:26 Chemistry
33:04 Heavy Rocket Cart
34:35 Conscription
35:24 Hand Cart
36:02 Masonry
37:05 Two-Man Saw
37:24 Siege Engineers
40:35 Architecture
39:54 Arrowslits
40:42 Architecture
JanVerplanken
11:49 Feudal Age
10:38 Loom
18:13 Castle Age
16:33 Double-Bit Axe
20:01 Stone Mining
22:03 Town Watch
28:24 Wheelbarrow
32:06 Imperial Age
32:09 Hand Cart
32:44 Squires
32:29 Arson
32:45 Scale Mail Armor
32:56 Forging
33:40 Fortified Wall
34:40 Conscription
35:27 Chain Mail Armor
36:07 Elite Fire Lancer
37:31 Iron Casting
39:17 Blast Furnace
40:02 Scale Barding Armor
40:15 Bloodlines
40:05 Husbandry
39:29 Elite Steppe Lancer
42:03 Chemistry
FC | The Finrod Felegund
6:17 Loom
12:09 Feudal Age
13:06 Double-Bit Axe
15:51 Castle Age
15:38 Fishing Lines
18:24 Horse Collar
21:06 Wheelbarrow
21:05 Bow Saw
21:44 Stone Mining
21:44 Gold Mining
21:44 Stone Mining
21:44 Gold Mining
22:00 Town Watch
23:30 Gold Mining
24:15 Stone Shaft Mining
24:05 Hand Cart
25:28 Gold Shaft Mining
29:32 Imperial Age
27:39 Scale Barding Armor
27:45 Forging
28:07 Bloodlines
27:57 Husbandry
28:52 Heavy Plow
29:32 Chain Barding Armor
29:47 Iron Casting
29:14 Cavalier
31:26 Plate Barding Armor
31:07 Onager
31:10 Light Cavalry
32:12 Savar
33:58 Iron Casting
35:39 Elite War Elephant
36:41 Conscription
36:30 Hussar
38:12 Blast Furnace
37:49 Hoardings
37:25 Citadels
40:30 Fletching
41:21 Coinage
41:02 Guilds
41:53 Bodkin Arrow
42:20 Ballistics
43:00 Chemistry
41:56 Murder Holes
42:11 Masonry
JustAGecko
0:37 Loom
11:35 Feudal Age
15:19 Castle Age
13:41 Double-Bit Axe
13:37 Horse Collar
13:42 Fishing Lines
14:20 Town Watch
16:41 Bow Saw
17:13 Horse Collar
19:17 Fortified Wall
21:14 Gillnets
33:35 Imperial Age
32:09 Fletching
32:42 Ballistics
32:32 Masonry
32:46 Treadmill Crane
34:19 Warwolf
34:44 Yeomen
33:45 Elite Longbowman
34:55 Bodkin Arrow
35:53 Wheelbarrow
35:49 Warwolf
36:08 Bracer
37:33 Padded Archer Armor
38:14 Hand Cart
39:11 Chemistry
38:52 Leather Archer Armor
41:02 Architecture
40:37 Siege Engineers
42:31 Caravan
JoPo21
11:16 Feudal Age
14:17 Castle Age
12:15 Double-Bit Axe
13:40 Horse Collar
22:27 Wheelbarrow
22:29 Bow Saw
23:55 Bloodlines
23:45 Husbandry
23:57 Heavy Plow
24:12 Gold Mining
25:33 Hand Cart
25:03 Loom
27:34 Scale Barding Armor
30:14 Imperial Age
28:26 Forging
29:32 Chain Barding Armor
29:48 Iron Casting
30:33 Elite Battle Elephant
32:16 Plate Barding Armor
31:05 Capped Ram
32:44 Town Watch
33:30 Conscription
33:20 Siege Ram
35:55 Blast Furnace
35:06 Tusk Swords
39:28 Fletching
39:48 Caravan
40:14 Light Cavalry
41:53 Hussar
TheBlackMamba
6:18 Loom
9:20 Feudal Age
9:49 Double-Bit Axe
10:05 Man-at-Arms
16:56 Fletching
23:55 Castle Age
28:09 Gold Mining
33:21 Imperial Age
32:10 Bow Saw
32:40 Bodkin Arrow
33:25 Padded Archer Armor
34:25 Conscription
34:18 Bracer
35:50 Chemistry
35:52 Wheelbarrow
36:45 Town Watch
38:09 Capped Ram
38:54 Onager
40:42 Leather Archer Armor
42:09 Caravan
43:04 Ring Archer Armor
42:56 Ballistics
Connection lost

Rejoining the realm…

Still unreachable

The connection could not be restored.

Session expired

The server has moved on; the page needs a fresh start.